 Dungeon Crawl Stone Soup version 0.32-a0-960-g3814254bd7 (webtiles) character file.

Game seed: 6813200627396946787

427 Mgcat the Chopper (level 6, -2/49 HPs)
             Began as a Coglin Fighter on Apr 17, 2024.
             Slain by an orc
             ... wielding a +1 heavy flail
              (7 damage)
             ... on level 3 of the Dungeon.
             The game lasted 00:05:49 (2554 turns).

Mgcat the Chopper (Coglin Fighter)                  Turns: 2554, Time: 00:05:50

Health: -2/49      AC:  9    Str: 18    XL:     6   Next: 97%
Magic:  6/6        EV: -3    Int:  7    God:
Gold:   220        SH:  0    Dex: 20    Spells: 5/5 levels left

rFire   . . .        a - +0 war axe {Manveen}
rCold   . . .        r - +4 short sword of Fuisu {speed, Dex+6 Stlth+}
rNeg    . . .        p - +0 chain mail
rPois   .            (no helmet)
rElec   .            u - scarf {+Inv}
rCorr   .            (no gloves)
SInv    .            (no boots)
Will    .....        (amulet unavailable) Stlth
                     (ring unavailable)
HPRegen 0.28/turn    (ring unavailable)
MPRegen 0.10/turn    (no gizmo)

%: no passive effects
@: constricted, revved
A: off-hand wielding, slow wielding, warmup strikes, no jewellery
a: Invent Gizmo, Convert to Beogh, Evoke Invisibility


You were on level 3 of the Dungeon.
You visited 1 branch of the dungeon, and saw 3 of its levels.
You also visited: Sewer.

You collected 220 gold pieces.

Inventory:

Hand Weapons
 a - a +0 war axe (weapon) {Manveen}
 r - the +4 short sword of Fuisu (offhand) {speed, Dex+6 Stlth+}
   (You found it in a sewer)

   Dex+6:     It affects your dexterity (+6).
   Stlth+:    It makes you more stealthy.
Missiles
 m - 4 curare-tipped darts
Armour
 j - a +0 cloak
   (You found it on level 2 of the Dungeon)
 p - a +0 chain mail (worn)
   (You found it on level 3 of the Dungeon)
 u - a scarf of invisibility (worn)
   (You found it on level 3 of the Dungeon)
Magical Staves
 o - a staff of earth
   (You found it on level 2 of the Dungeon)
Wands
 f - a wand of polymorph (10)
   (You found it on level 2 of the Dungeon)
Scrolls
 b - a scroll of amnesia {unknown}
 c - 3 scrolls of teleportation
 e - 4 scrolls of fear {unknown}
 g - 2 scrolls of poison {unknown}
 h - 2 scrolls of identify {unknown}
 l - 2 scrolls of enchant armour {unknown}
 n - a scroll of enchant weapon {unknown}
 s - a scroll of vulnerability {unknown}
 t - 2 scrolls of revelation {unknown}
Potions
 d - 3 potions of enlightenment
 i - a potion of lignification {unknown}
 k - 3 potions of curing {unknown}
 q - a potion of cancellation {unknown}


   Skills:
 + Level 4.5 Fighting
 * Level 5.3 Axes
 + Level 4.1 Armour
 - Level 2.1 Shields


You had 5 spell levels left.
You didn't know any spells.
Your spell library contained the following spells:

 Spells                   Type           Power      Damage    Failure   Level
 Call Canine Familiar     Summ           0%         N/A       100%        3
 Sigil of Binding         Hex            0%         N/A       100%        3
 Dimensional Bullseye     Hex/Tloc       0%         N/A       100%        4
 Leda's Liquefaction      Alch/Erth      0%         N/A       100%        4
 Petrify                  Alch/Erth      0%         N/A       100%        4
 Metabolic Englaciation   Hex/Ice        0%         N/A       100%        5


Dungeon Overview and Level Annotations

Branches:
Dungeon (3/15)              Sewer (visited)

Altars:
Trog


Innate Abilities, Weirdness & Mutations

You can wield a second weapon in your off-hand.
It takes a long time for you to wield or remove held weapons.
Your first few attacks do less damage.
You cannot equip rings or amulets.


Message History

An orc priest comes into view. It is wielding a +0 dagger.
You hear a shout!
Health restored: 49 Spoiler Alert: The orc priest (wandering) can smite you!
The orc priest shouts!
An orc comes into view. It is wielding a +0 falchion.
Spoiler Alert: The orc priest can smite you!
There are monsters nearby!
An orc comes into view.
It is wielding a +0 mace. 2 orcs come into view.
An orc is wielding a +1 heavy flail.
The orc shouts!
A bat comes into view.
The orc priest looks encouraged for a moment.
The orc moves out of view.
Spoiler Alert: The orc priest can smite you!
The orc priest begins to cast a cantrip, but forgets the words!
The bat hits you but does no damage.
You see here a ball python corpse.
There are monsters nearby!
You hit the bat but do no damage. x2; The bat closely misses you.
You hit the orc with your +0 war axe.
The orc is heavily wounded.
You completely miss the orc with the +4 short sword of Fuisu.
The orc hits you but does no damage.
Spoiler Alert: The orc priest can smite you!
You hit the orc with the +4 short sword of Fuisu.
The orc is almost dead.
You slash the orc with your +0 war axe!
You kill the orc!
The bat hits you but does no damage. The bat barely misses you.
The orc priest calls down the wrath of Beogh upon you.
Beogh smites you!
You hear an angry hiss.
You take 10 damage, and have 39/49 hp.
MASSIVE DAMAGE!!
Spoiler Alert: The orc priest can smite you!
You closely miss the bat with the +4 short sword of Fuisu.
You hit the bat but do no damage. The bat hits you but does no damage.
A ball python comes into view.
You barely miss the orc with your +0 war axe.
You puncture the orc with the +4 short sword of Fuisu!
You kill the orc!
The bat hits you but does no damage.
The orc priest mumbles some strange prayers to Beogh against you.
Beogh smites you!
The orc priest threatens, "Beogh's wrath is as vast as their mercy.
Make your choice!" (press Y on the ability menu to convert to Beogh)
You take 12 damage, and have 27/49 hp.
MASSIVE DAMAGE!!
Spoiler Alert: The orc priest can smite you!
The bat closely misses you.
A ball python comes into view.
The orc barely misses you. The orc hits you but does no damage.
The ball python moves out of view.
Things that are here:
a +1 hand axe of freezing; a +0 leather armour; a +0 mace Spoiler Alert: The orc priest can smite you!
You puncture the orc with the +4 short sword of Fuisu!
You kill the orc!
You barely miss the bat with your +0 war axe.
You hit the orc but do no damage. The bat hits you but does no damage.
The orc priest mumbles some strange prayers to Beogh against you.
Beogh smites you!
You take 13 damage, and have 15/49 hp.
MASSIVE DAMAGE!!
Spoiler Alert: The orc priest can smite you!
The orc priest threatens, "Beogh's wrath is as vast as their mercy.
Make your choice!"
You puncture the ball python with the +4 short sword of Fuisu!
You kill the ball python!
You hit the orc but do no damage.
The orc priest shouts, "Beogh offers mercy even to people such as you.
Join us and be reborn!"
The orc hits you with a +1 heavy flail.
* * * LOW HITPOINT WARNING * * *
The bat hits you but does no damage.
You take 4 damage, and have 11/49 hp.
Spoiler Alert: The orc priest can smite you!
You hit the orc but do no damage.
You barely miss the orc with your +0 war axe.
You hit the orc but do no damage. You miss the bat with your +0 war axe.
The bat hits you but does no damage. The orc hits you with a +1 heavy flail.
* * * LOW HITPOINT WARNING * * *
The orc hits you with a +0 whip.
* * * LOW HITPOINT WARNING * * *
You take 6 damage, and have 5/49 hp.
Spoiler Alert: The orc priest can smite you!
You hit the orc priest with the +4 short sword of Fuisu.
The orc priest is lightly wounded.
You hit the orc priest with your +0 war axe.
You hit the orc with your +0 war axe.
You kill the orc!
You hit the orc but do no damage.
The orc priest hits you but does no damage.
Spoiler Alert: The orc priest can smite you!
You closely miss the orc priest with your +0 war axe.
The orc priest is moderately wounded.
You barely miss the orc with your +0 war axe.
You completely miss the ball python with your +0 war axe.
You hit the orc priest with the +4 short sword of Fuisu.
The ball python bites you but does no damage.
The ball python grabs you. The ball python constricts you.
* * * LOW HITPOINT WARNING * * *
The orc hits you with a +1 heavy flail!
You die...

..........#....##..............~~
######.........#.............#~~~
#........#....#..............~~~
##........#...................~~~
..........##......<...........)~~
###......##..................#~~~
.......#.........b.<...........~~
.....^####.######o#...#........#.
......####.####†@o...............
.###.###...##..##S.#..........##+
. #........#.###.#..#......... ..
#........####.#.#......# # #..
#........# ##.o...#.... #..
#........# ###........ #..
#........# .#...... .. #........#
#...#... .. #.....#### .#o.... ..


You could see an orc priest, an orc, a bat and a ball python.

Vanquished Creatures
  2 crocodiles (Sewer)
  A sickly merfolk siren (Sewer)
  A malarious merfolk avatar (Sewer)
  9 adders
  2 river rats (Sewer)
  3 dart slugs
  2 ribbon worms (D:3)
  5 orcs (D:3)
  5 endoplasms
  3 giant cockroaches
  7 hobgoblins
  2 quokkas
  10 ball pythons
  7 bats
  10 frilled lizards
  4 goblins
  4 kobolds
  34 rats
111 creatures vanquished.

Vanquished Creatures (others)
  An orc wizard (D:3)
  2 orcs (D:3)
3 creatures vanquished.

Grand Total: 114 creatures vanquished

Notes
Turn   | Place    | Note
-------+----------+-------------------------------------------
     0 | D:1      | Mgcat the Coglin Fighter began the quest for the Orb.
     0 | D:1      | Reached XP level 1. HP: 18/18 MP: 1/1
   268 | D:1      | Reached XP level 2. HP: 24/24 MP: 2/2
   503 | D:1      | Reached skill level 3 in Armour
   556 | D:1      | Reached XP level 3. HP: 26/29 MP: 3/3
   725 | D:1      | Found a faded altar of an unknown god.
   815 | D:2      | Reached skill level 3 in Axes
   971 | D:2      | Reached XP level 4. HP: 35/35 MP: 4/4
  1172 | D:2      | Found a bloodstained altar of Trog.
  1678 | D:3      | Found a glowing drain.
  1689 | D:3      | Reached XP level 5. HP: 31/42 MP: 5/5
  1696 | Sewer    | Entered a sewer
  1714 | Sewer    | Reached skill level 4 in Axes
  1793 | Sewer    | Noticed a crocodile
  1803 | Sewer    | Killed a crocodile
  1804 | Sewer    | Reached skill level 4 in Fighting
  1804 | Sewer    | Reached XP level 6. HP: 23/48 MP: 6/6
  2106 | Sewer    | Reached skill level 5 in Axes
  2106 | Sewer    | Reached skill level 4 in Armour
  2315 | Sewer    | Identified the +4 short sword of Fuisu {speed, Dex+6
                  | Stlth+}
  2420 | D:3      | Identified the +1 ring mail "Uhuoge" {-Tele Fly rPois
                  | Int+6}
  2551 | D:3      | HP: 11/49 [orc/+1 heavy flail (4)]
  2552 | D:3      | HP: 5/49 [orc/+0 whip (5)]
  2554 | D:3      | Slain by an orc

Illustrated notes

Levels and vault maps discovered:
D:1:      grunt_arrival_lava_bath, layout_loops_ring,
          shapermc_ecumenical_altar_mp_vishouse, minmay_vboxes
D:2:      minmay_general_purpose_star, layout_loops_ring, basic_altar,
          minmay_ruptured
D:3:      layout_basic, cheibrodos_sewer_entry_drain, minmay_increasing_density,
          uniq_terence

Skill      XL: |  1  2  3  4  5  6 |
---------------+-------------------+-----
Armour         | 3 4 |  4.1
Axes           | 3 4 5 |  5.3
Fighting       | 4 |  4.5
Shields        | |  2.1

Action                     |  1- 3 |  4- 6 || total
---------------------------+-------+-------++-------
  Melee: War axe           |    56 |   161 ||   217
         Short sword       |     7 |    31 ||    38
         Dagger            |    34 |   133 ||   167
  Evoke: Wand              |       |     1 ||     1
    Use: Potion            |       |     2 ||     2
 Armour: Scale mail        |    52 |    12 ||    64
         Chain mail        |       |   136 ||   136
  Dodge: Dodged            |    25 |    46 ||    71

Table legend: (Time is in decaauts)
 A = Elapsed time spent in this place.
 B = Non-inter-level travel time spent in this place.
 C = Inter-level travel time spent in this place.
 D = Time resting spent in this place.
 E = Time spent auto-exploring this place.
 F = Levels seen in this place.
 G = Mean time per level.
                   A        B        C        D        E       F      G
               +--------+--------+--------+--------+--------+-----+--------+
         Total |   2630 |   2558 |     72 |    175 |   1674 |   4 |  657.5 |
       Dungeon |   1939 |   1867 |     72 |      0 |   1415 |   3 |  646.3 |
         Sewer |    690 |    690 |      0 |    175 |    258 |   1 |  690.0 |
               +--------+--------+--------+--------+--------+-----+--------+

Top non-repeatable levels by time:
     D:2: 793 daAuts
     D:1: 755 daAuts
   Sewer: 690 daAuts
     D:3: 390 daAuts

Levels and vault maps discovered:
D:1:      grunt_arrival_lava_bath, layout_loops_ring,
          shapermc_ecumenical_altar_mp_vishouse, minmay_vboxes
D:2:      minmay_general_purpose_star, layout_loops_ring, basic_altar,
          minmay_ruptured
D:3:      layout_basic, cheibrodos_sewer_entry_drain, minmay_increasing_density,
          uniq_terence

Table legend: (Time is in decaauts)
 A = Elapsed time spent in this place.
 B = Non-inter-level travel time spent in this place.
 C = Inter-level travel time spent in this place.
 D = Time resting spent in this place.
 E = Time spent auto-exploring this place.
 F = Levels seen in this place.
 G = Mean time per level.
                   A        B        C        D        E       F      G
               +--------+--------+--------+--------+--------+-----+--------+
         Total |   2630 |   2558 |     72 |    175 |   1674 |   4 |  657.5 |
       Dungeon |   1939 |   1867 |     72 |      0 |   1415 |   3 |  646.3 |
         Sewer |    690 |    690 |      0 |    175 |    258 |   1 |  690.0 |
               +--------+--------+--------+--------+--------+-----+--------+

Top non-repeatable levels by time:
     D:2: 793 daAuts
     D:1: 755 daAuts
   Sewer: 690 daAuts
     D:3: 390 daAuts

Table legend:
 A = Kills in this place as a percentage of kills in the entire game.
 B = Kills by you in this place as a percentage of kills by you in the entire game.
 C = Kills by friends in this place as a percentage of kills by friends in the entire game.
 D = Other kills in this place as a percentage of other kills in the entire game.
 E = Experience gained in this place as a percentage of experience gained in the entire game.
 F = Experience gained in this place divided by the number of levels of this place that you have seen.
                   A       B       C       D       E      F
               +-------+-------+-------+-------+-------+----------------------
         Total | 100.0 | 100.0 |   N/A | 100.0 | 100.0 | 152.5
       Dungeon |  62.8 |  62.2 |   N/A | 100.0 |  37.9 |  77.0
         Sewer |  37.2 |  37.8 |   N/A |   0.0 |  62.1 | 379.0
               +-------+-------+-------+-------+-------+----------------------
